CorruptionsAndSegfaults, neutral female scurrid Tourist ------- +.M...| |@..(.+ #......| #|.`<... ------- CorruptionsAndSegfaults the Sightseer Experience level: 3 Strength: 12 Dexterity: 8 Constitution: 14 Intelligence: 14 Wisdom: 10 Charisma: 17 Health: 0(25) Energy: 12(12) Def: 0 Gold: 232 Moves: 84 Dungeon seed: vrTqMnmtqo2IN7jz Game ID: CorruptionsAndSegfaults_1498500494 Your Inventory: Coins $ - 232 gold pieces Weapons a - 49 uncursed +2 darts (in quiver) Armor e - an uncursed +0 Hawaiian shirt (being worn) q - an uncursed +0 oilskin cloak Comestibles b - an uncursed cream pie c - an uncursed tin of spinach d - 5 uncursed food rations f - an uncursed pear g - an uncursed tin of lichen h - an uncursed fortune cookie i - an uncursed tripe ration Scrolls k - 3 uncursed scrolls of magic mapping l - a blessed scroll of magic mapping Wands o - an uncursed wand of secret door detection (0:11) Tools m - an uncursed expensive camera (0:48) n - an uncursed credit card p - an uncursed oil lamp (lit) (0:1258) Spells and supernatural/magical abilities: Name Level Category Fail Memory W - pray for help -- divine ? -- Your skills at the end: Miscellaneous Skills wands [Basic] stealth [Skilled] Weapon Skills dart [Basic] Spellcasting Skills Final Attributes: You were fervently aligned. You had infravision. You were very stealthy. You were unlucky. You are dead. Vanquished creatures: a puppy an orc zombie 2 gnomes a gnome zombie a lichen 6 creatures vanquished. Voluntary challenges: You went without food. You did not adorn yourself with jewelry or accessories. You did not cause conflict. You were not invisible. You did not have reflection. You were not displaced. You were an atheist. You never hit with a wielded weapon. You did not use containers. You did not apply a unicorn horn. You did not use plumbed fixtures. You were illiterate. You never genocided any monsters. You never polymorphed an object. You never changed form. You used no wishes. You never split a pudding. You never wrote Elbereth's name. You violated your moral code, losing 5 points of alignment, starting on turn 25. Dungeon overview: The Dungeons of Doom: levels 1 to 22 Level 1 a sink a long staircase Level 2 Level 3 Level 4 Level 5 Level 6 Level 7 Level 8 Level 9 Level 10 Level 11 Level 12 Level 13 Level 14 Level 15 Level 16 Level 17 Level 18 Level 19 Level 20 Level 21 Level 22 <- You were here History has recorded: On T:1 you entered the Dungeons of Doom to retrieve the Amulet of Yendor! On T:5 you reached level 2 of The Dungeons of Doom. On T:7 you reached level 3 of The Dungeons of Doom. On T:25 you advanced to experience level 2. On T:28 you reached level 4 of The Dungeons of Doom. On T:31 you advanced to experience level 3. On T:35 you reached level 5 of The Dungeons of Doom. On T:37 you reached level 6 of The Dungeons of Doom. On T:40 you reached level 7 of The Dungeons of Doom. On T:42 you reached level 8 of The Dungeons of Doom. On T:50 you reached level 9 of The Dungeons of Doom. On T:52 you reached level 10 of The Dungeons of Doom. On T:55 you reached level 11 of The Dungeons of Doom. On T:58 you reached level 12 of The Dungeons of Doom. On T:64 you reached level 15 of The Dungeons of Doom. On T:64 you entered the Rogue tribute level. On T:67 you reached level 16 of The Dungeons of Doom. On T:69 you reached level 17 of The Dungeons of Doom. On T:71 you reached level 18 of The Dungeons of Doom. On T:73 you reached level 19 of The Dungeons of Doom. On T:76 you reached level 20 of The Dungeons of Doom. On T:79 you reached level 21 of The Dungeons of Doom. On T:81 you reached level 22 of The Dungeons of Doom. Score breakdown: Gold: 0 ( 0 points) Experience: 3 levels ( 200 points) Exploration: 22 levels ( 630 points) Discoveries: 1 item ( 50 points) Variety of kills: 5 monsters ( 250 points) Major goal: (nothing yet) ( 0 points) Survival: died (score multiplied by 3) Total score: 3390 Latest messages: You fall through... You start digging downward. You continue digging downward. You dig a pit in the floor. You continue digging downward. You dig a hole through the floor. You fall through... You start digging downward. You continue digging downward. You dig a pit in the floor. You continue digging downward. You dig a hole through the floor. You fall through... The giant mummy scratches you! (2x) You hear some noises in the distance. You feel much better. The giant mummy scratches you! (2x) You feel much better. The giant mummy scratches you! (4x) You die... Final status: Aloha CorruptionsAndSegfaults the Tourist, killed by a giant mummy... You died in The Dungeons of Doom on dungeon level 22 with 3390 points, and 232 pieces of gold, after 84 moves. You were level 3 with a maximum of 25 hit points when you died.